 Dungeon Crawl Stone Soup version 0.21-a0-210-gbfa5647 (webtiles) character file.

247 Gorglomux the Skirmisher (level 6, -3/56 HPs)
             Began as a Hill Orc Abyssal Knight on Aug 21, 2017.
             Was a Believer of Lugonu.
             Slain by an ogre
             ... wielding a +0 giant spiked club
              (28 damage)
             ... on level 3 of the Dungeon.
             The game lasted 00:03:48 (1998 turns).

Gorglomux the Skirmisher (Hill Orc Abyssal Knight)  Turns: 1998, Time: 00:03:49

Health: -3/56      AC:  9    Str: 17    XL:     6   Next: 11%
Magic:  9/9        EV:  8    Int: 12    God:    Lugonu [**....]
Gold:   109        SH:  7    Dex: 10    Spells: 5/5 levels left

rFire    . . .     SeeInvis .   a - +1 hand axe
rCold    . . .     Gourm    .   J - +0 shield
rNeg     + . .     Faith    .   b - +0 leather armour
rPois    .         Spirit   .   C - +0 helmet
rElec    .         Reflect  .   (no cloak)
rCorr    .         Harm     .   E - +0 pair of gloves
MR       .....                  (no boots)
Stlth    +.........             (no amulet)
HPRegen  0.18/turn              e - +4 ring of protection
MPRegen  0.11/turn              L - ring of positive energy

@: no status effects
A: no striking features
a: Depart the Abyss, Bend Space, Renounce Religion


You were on level 3 of the Dungeon.
You worshipped Lugonu.
Lugonu was pleased with you.
You were not hungry.

You visited 1 branch of the dungeon, and saw 3 of its levels.
You visited the Abyss 1 time.

You collected 109 gold pieces.

Inventory:

Hand Weapons
 a - a +1 hand axe (weapon)
Armour
 b - a +0 leather armour (worn)
 C - a +0 helmet (worn)
 E - a +0 pair of gloves (worn)
 J - a +0 shield (worn)
Jewellery
 e - a +4 ring of protection (left hand)
 L - a ring of positive energy (right hand)
 M - an uncursed ring of stealth {unknown}
Scrolls
 j - a scroll of remove curse {unknown}
 k - 3 scrolls of recharging {unknown}
 l - 3 scrolls of blinking {unknown}
 m - 2 scrolls of teleportation {unknown}
 A - 2 scrolls of magic mapping {unknown}
 B - a scroll of enchant weapon {unknown}
 D - 4 scrolls of identify {unknown}
 G - a scroll of enchant armour {unknown}
Potions
 d - 3 potions of curing {unknown}
 i - a potion of degeneration {unknown}
 o - a potion of flight {unknown}
 H - a potion of brilliance {unknown}
 I - a potion of heal wounds {unknown}
Comestibles
 c - 3 bread rations
 f - 3 royal jellies
 z - a meat ration
 K - 2 chunks of flesh


   Skills:
 + Level 5.0 Fighting
 + Level 4.6 Axes
 + Level 4.0 Armour
 - Level 0.7 Dodging
 + Level 4.5 Invocations


You had 5 spell levels left.
You didn't know any spells.

Dungeon Overview and Level Annotations

Branches:
Dungeon (3/15)

Altars:
Fedhas
Kikubaaqudgha
Trog
The Shining One


Message History

The hobgoblin is almost dead!
You block the hobgoblin's attack!
Unknown command!
Okay, then!
You carve the hobgoblin like a ham!
You annihilate the hobgoblin!!!
Lugonu roars: ANNIHILATED!
You completely miss the ogre!
The butt hits you with a giant spiked club!!!
You butt the ogre but do no damage!
The ogre hits you with a giant spiked club!!!
You dice the ogre but do no damage! You block the ogre's attack!
You dice the ogre like an onion!!!
The ogre is moderately wounded!
The ogre hits you with a giant spiked club!!!
You dice the ogre but do no butt!
The ogre is moderately butt!
The ogre butts you with a giant spiked club!!!!!!
DANG rip

#...# ....#
##########
....# #........
#.#.# #.......
....# #......
.#### #..... .#
#.... ## .#
##..####...##
.#
#....@O......
.#
#..####...##.
.# ###..# ###
.# ##(...# ####
#..#.## ...##
#.##.##. ....##
##.#.)...
...<.###.....##
.....#....)..#


You could see an ogre.

Vanquished Creatures
  Sigmund (D:2)
  3 adders (D:2)
  A worm (D:2)
  A dart slug (D:1)
  A leopard gecko (D:1)
  7 bats
  2 giant cockroaches (D:1)
  7 goblins
  14 hobgoblins
  A quokka (D:2)
  A ball python (D:1)
  4 frilled lizards
  5 kobolds
  4 rats
  A withered plant (D:2)
53 creatures vanquished.

Notes
Turn   | Place    | Note
-------+----------+-------------------------------------------
     0 | Abyss:1  | Gorglomux the Hill Orc Abyssal Knight began the quest for the Orb.
     0 | Abyss:1  | Reached XP level 1. HP: 19/19 MP: 2/2
    58 | Abyss:1  | Found a hazy altar of Hepliaklqana.
    75 | Abyss:1  | Noticed an orange demon
    79 | D:1      | Escaped the Abyss
   183 | D:1      | Reached XP level 2. HP: 24/27 MP: 4/4
   215 | D:1      | Reached * piety under Lugonu
   362 | D:1      | Reached skill level 4 in Fighting
   362 | D:1      | Reached skill level 3 in Axes
   392 | D:1      | Reached skill level 3 in Invocations
   595 | D:1      | Reached XP level 3. HP: 33/33 MP: 5/5
  1105 | D:2      | Noticed Sigmund
  1273 | D:2      | Found an ancient bone altar of Kikubaaqudgha.
  1316 | D:2      | Found a blossoming altar of Fedhas.
  1352 | D:2      | Reached XP level 4. HP: 33/40 MP: 6/6
  1567 | D:2      | Killed Sigmund
  1567 | D:2      | Reached skill level 3 in Armour
  1567 | D:2      | Reached XP level 5. HP: 44/47 MP: 6/8
  1567 | D:2      | Reached XP level 6. HP: 52/55 MP: 6/9
  1618 | D:2      | Reached skill level 5 in Fighting
  1769 | D:2      | Found a bloodstained altar of Trog.
  1810 | D:2      | Reached ** piety under Lugonu
  1852 | D:2      | Found a glowing golden altar of the Shining One.
  1938 | D:3      | Found a faded altar of an unknown god.
  1998 | D:3      | Slain by an ogre

Vault maps used:
D:1:      dpeg_arrival_court
D:2:      grunt_temple_overflow_growth_and_decay, lightli_temple_of_fire,
          tso_altar, first_bread, uniq_sigmund
D:3:      chequers_ecumenical_altar_simple_redux, portal_sewer_entry_e
Abyss:1:  hangedman_abyss_or_decor_stagger

Skill      XL: |  1  2  3  4  5  6 |
---------------+-------------------+-----
Fighting       | 4 5 |  5.0
Axes           | 3 4 |  4.6
Invocations    | 3 4 |  4.5
Armour         | 3 4 |  4.0
Dodging        | |  0.7

Action                   |  1- 3 |  4- 6 || total
-------------------------+-------+-------++-------
Melee: Hand axe          |   146 |    70 ||   216
Invok: Depart the Abyss  |     1 |       ||     1
  Use: Potion            |       |     1 ||     1
 Stab: Sleeping          |     1 |       ||     1
  Eat: Chunk             |     1 |     3 ||     4
Armor: Leather armour    |    32 |    23 ||    55
Dodge: Dodged            |    76 |    27 ||   103
Block: Shield            |       |    14 ||    14

Table legend:
 A = Spawn XP
 B = Non-spawn XP
 C = Spawn XP percentage of total XP
 D = Spawn monster count
 E = Non-spawn monster count
 F = Spawn count percentage of total count
 G = Total turns spent on level
                    A         B        C        D         E        F      G
               +---------+---------+-------+---------+---------+-------+---------
         Total |      21 |     333 |   5.9 |       6 |      46 |  11.5 |  1998
               +---------+---------+-------+---------+---------+-------+---------
           D:1 |       3 |      45 |   6.2 |       2 |      25 |   7.4 |  1134
           D:2 |      18 |     278 |   6.1 |       4 |      16 |  20.0 |   668
           D:3 |       0 |      10 |   0.0 |       0 |       5 |   0.0 |   117
               +---------+---------+-------+---------+---------+-------+---------
